 Dungeon Crawl Stone Soup version 0.20.1-1-g8b1a95d (webtiles) character file.

109 RKaid the Grave Robber (level 4, -2/33 HPs)
             Began as a Mummy Necromancer on July 26, 2017.
             Shot with an arrow by a centaur (4 damage)
             ... on level 3 of the Dungeon.
             The game lasted 00:06:49 (2759 turns).

RKaid the Grave Robber (Mummy Necromancer)          Turns: 2759, Time: 00:06:50

Health: -2/33      AC:  3    Str: 11    XL:     4   Next: 60%
Magic:  5/9        EV: 11    Int: 15    God:
Gold:   96         SH:  4    Dex: 12    Spells: 0/9 levels left

rFire    x . .     SeeInvis .   m - +1 mace (protect)
rCold    + . .     Gourm    .   f - +0 buckler
rNeg     + + +     Faith    .   a - +0 robe
rPois    ∞         Spirit   .   (no helmet)
rElec    .         Reflect  .   d - +0 cloak
rCorr    .         Harm     .   (no gloves)
MR       .....                  (no boots)
Stlth    ++........             (no amulet)
Regen    0.2/turn               (no ring)
MPRegen  0.2/turn               (no ring)

@: no status effects
A: no food or potions, fire vulnerability, cold resistance 1, negative energy
resistance 3, torment resistance, unbreathing
a: no special abilities


You were on level 3 of the Dungeon.
You were not hungry.

You visited 1 branch of the dungeon, and saw 3 of its levels.

You collected 96 gold pieces.

Inventory:

Hand Weapons
 m - a +1 mace of protection (weapon)
   (You took it off a goblin on level 2 of the Dungeon)
Armour
 a - a +0 robe (worn)
 d - a +0 cloak (worn)
   (You took it off Crazy Yiuf on level 2 of the Dungeon)
 f - a +0 buckler (worn)
   (You found it on level 1 of the Dungeon)
Scrolls
 e - a scroll of remove curse {unknown}
 g - a scroll of fog {unknown}
 h - a scroll of enchant armour {unknown}
 i - a scroll of immolation {unknown}
 j - 2 scrolls of magic mapping {unknown}
 k - a scroll of identify {unknown}
 l - a scroll of teleportation {unknown}
Books
 b - a book of Necromancy


   Skills:
 + Level 1.8 Fighting
 - Level 1.5 Dodging
 - Level 1.5 Stealth
 + Level 1.4 Shields
 + Level 3.4 Spellcasting
 * Level 4.8 Necromancy


You couldn't memorise any spells.
You knew the following spells:

 Your Spells              Type           Power        Failure   Level  Hunger
a - Pain                  Necr           ###.         3%          1    N/A
b - Vampiric Draining     Necr           ###.......   11%         3    N/A
c - Control Undead        Necr           ###.......   34%         4    N/A
A - Animate Skeleton      Necr           N/A          3%          1    N/A

Dungeon Overview and Level Annotations

Branches:
Dungeon (3/15)

Altars:


Innate Abilities, Weirdness & Mutations

You do not eat or drink.
Your flesh is vulnerable to fire.
You are immune to poison.
Your flesh is cold resistant. (rC+)
You are immune to negative energy. (rN+++)
You are immune to unholy pain and torment.
You can survive without breathing.


Message History

You start putting on your armour.
You continue putting on your cloak. x5
You finish putting on your +0 cloak.
Drop what? 14/52 slots (_ for help) (? for menu, Esc to quit)
You drop a +0 cloak.
Wield which item (- for none, * to show all)? (? for menu, Esc to quit)
Your +1 mace of protection goes still.
Your +0 mace of protection hums with potential!
n - a +0 mace of protection (weapon)
Wield which item (- for none, * to show all)? (? for menu, Esc to quit)
Your +0 mace of protection goes still.
Your +1 mace of protection hums with potential!
m - a +1 mace of protection (weapon)
Drop what? 13/52 slots (_ for help) (? for menu, Esc to quit)
You drop a +0 mace of protection.
Done exploring.
You see here a mace.
You see here a mace.
There is an open door here.
You see here a mace.
Things that are here:
a quarterstaff of chaos; a mace You see here a mace.
You see here a mace.
You see here a mace.
There is a stone staircase leading down here.
You climb downwards.
There is a stone staircase leading up here.
A dart slug comes into view.
The dart slug launches a dart at you. The slug dart hits you!
Casting: Vampiric Draining
Confirm with . or Enter, or press ? or * to list all spells.
You can't see any susceptible monsters within range! (Use Z to cast anyway.)
Casting: Vampiric Draining
Confirm with . or Enter, or press ? or * to list all spells.
Aiming: Pain
Press: ? - help, Shift-Dir - straight line, f - dart slug
Aim: a dart slug (chance to defeat MR: 87%)
The dart slug writhes in agony!
Casting: Pain
Confirm with . or Enter, or press ? or * to list all spells.
Aiming: Pain
Press: ? - help, Shift-Dir - straight line, f/p - dart slug
Aim: a dart slug (heavily wounded, chance to defeat MR: 87%)
The dart slug writhes in agony!
The dart slug launches a dart at you. The slug dart hits you!
Casting: Pain
Confirm with . or Enter, or press ? or * to list all spells.
Aiming: Pain
Press: ? - help, Shift-Dir - straight line, f/p - dart slug
Aim: a dart slug (almost dead, chance to defeat MR: 87%)
The dart slug writhes in agony!
You kill the dart slug!
You start resting.
You see here a leather armour.
A bat and a kobold come into view.
The kobold shouts!
The bat moves out of view.
Casting: Pain
Confirm with . or Enter, or press ? or * to list all spells.
Aiming: Pain
Press: ? - help, Shift-Dir - straight line, f - bat
Aim: a bat (chance to defeat MR: 87%)
The bat barely resists.
Casting: Pain
Confirm with . or Enter, or press ? or * to list all spells.
Aiming: Pain
Press: ? - help, Shift-Dir - straight line, f/p - bat
Aim: a bat (chance to defeat MR: 87%)
The bat writhes in agony!
You kill the bat!
The kobold throws a stone.
The stone hits you but does no damage.
Casting: Pain
Confirm with . or Enter, or press ? or * to list all spells.
You can't see any susceptible monsters within range! (Use Z to cast anyway.)
A giant cockroach and a centaur come into view.
The centaur shouts!
The centaur moves out of view.
A rat comes into view.
Casting: Pain
Confirm with . or Enter, or press ? or * to list all spells.
Aiming: Pain
Press: ? - help, Shift-Dir - straight line, f - kobold
Aim: a kobold (chance to defeat MR: 87%)
The kobold writhes in agony!
You kill the kobold!
An ooze comes into view.
The centaur wields a glowing shortbow.
It bursts into flame!
The centaur shoots an arrow.
The arrow hits you! The arrow burns you.
You see here an arrow.
Casting: Pain
Confirm with . or Enter, or press ? or * to list all spells.
Aiming: Pain
Press: ? - help, Shift-Dir - straight line, f - rat
Aim: a rat (chance to defeat MR: 87%)
The rat writhes in agony!
The centaur shoots an arrow.
The arrow hits you!
* * * LOW HITPOINT WARNING * * *
The arrow burns you.
You die...

##.......# #..#
#........####..#
##[.............#
#.........####..# #
...###.#........# .#
.### #...#####..# .. ##
##..## #..###.###.
####...######(†........
................@.r..#
........#####..###...#
........# #.## c....
........# .... ..J.
......... ...... #..
........#....(... .
........#.........
.......s..........


You could see a centaur, an ooze and a rat.

Vanquished Creatures
  Crazy Yiuf (D:2)
  An adder (D:2)
  4 worms (D:2)
  3 dart slugs
  3 leopard geckos (D:1)
  A ball python (D:1)
  3 giant cockroaches (D:2)
  A goblin (D:2)
  4 hobgoblins (D:1)
  8 jackals
  5 kobolds
  7 bats
  3 frilled lizards
  5 rats
49 creatures vanquished.

Vanquished Creatures (collateral kills)
  A hobgoblin (D:1)
1 creature vanquished.

Grand Total: 50 creatures vanquished

Notes
Turn   | Place    | Note
-------+----------+-------------------------------------------
     0 | D:1      | RKaid the Mummy Necromancer began the quest for the Orb.
     0 | D:1      | Reached XP level 1. HP: 13/13 MP: 4/4
     2 | D:1      | Learned a level 1 spell: Animate Skeleton
   284 | D:1      | Reached XP level 2. HP: 20/20 MP: 0/5
   545 | D:1      | Reached skill level 1 in Shields
  1258 | D:2      | Reached XP level 3. HP: 25/25 MP: 5/7
  1262 | D:2      | Reached skill level 1 in Fighting
  1399 | D:2      | Reached skill level 3 in Spellcasting
  1481 | D:2      | Learned a level 3 spell: Vampiric Draining
  1991 | D:2      | Reached XP level 4. HP: 14/32 MP: 0/8
  2174 | D:2      | Learned a level 4 spell: Control Undead
  2336 | D:2      | Found a runed door.
  2473 | D:2      | Noticed Crazy Yiuf
  2485 | D:2      | Killed Crazy Yiuf
  2756 | D:3      | Noticed a centaur
  2759 | D:3      | HP: 2/33 [centaur/arrow (14)]
  2759 | D:3      | Shot with an arrow by a centaur

Skill      XL: |  1  2  3 |
---------------+----------+-----
Shields        | 1 |  1.4
Fighting       | 1 |  1.8
Spellcasting   | 3 |  3.4
Dodging        | |  1.5
Stealth        | |  1.5
Necromancy     | |  4.8

Action                   |  1- 3 |  4- 6 || total
-------------------------+-------+-------++-------
Melee: Dagger            |    18 |       ||    18
       Short sword       |    51 |       ||    51
       Mace              |       |     5 ||     5
 Cast: Pain              |    66 |    19 ||    85
       Animate Skeleton  |    18 |       ||    18
       Vampiric Draining |     3 |     1 ||     4
 Stab: Distracted        |     2 |       ||     2
       Sleeping          |     1 |       ||     1
Armor: Robe              |    14 |     1 ||    15
Dodge: Dodged            |    33 |     7 ||    40
Block: Buckler           |    10 |       ||    10

Table legend:
 A = Turns spent in this place as a percentage of turns spent in the entire game.
 B = Non-inter-level travel turns spent in this place as a percentage of non-inter-level travel turns spent in the entire game.
 C = Inter-level travel turns spent in this place as a percentage of turns spent in this place.
 D = Turns resting spent in this place as a percentage of non-inter-level travel turns spent in this place.
 E = Turns spent auto-exploring this place as a percentage of non-inter-level travel turns spent in this place.
 F = Non-inter-level travel turns spent in this place divided by the number of levels of this place that you've seen.
                   A       B       C       D       E      F
               +-------+-------+-------+-------+-------+----------------------
         Total | 100.0 | 100.0 |   0.3 |  11.1 |   6.8 | 196.0
       Dungeon | 100.0 | 100.0 |   0.3 |  11.1 |   6.8 | 196.0
               +-------+-------+-------+-------+-------+----------------------

Table legend:
 A = Kills in this place as a percentage of kills in entire the game.
 B = Kills by you in this place as a percentage of kills by you in the entire game.
 C = Kills by friends in this place as a percentage of kills by friends in the entire game.
 D = Other kills in this place as a percentage of other kills in the entire game.
 E = Experience gained in this place as a percentage of experience gained in the entire game.
 F = Experience gained in this place divided by the number of levels of this place that you have seen.
                   A       B       C       D       E      F
               +-------+-------+-------+-------+-------+----------------------
         Total | 100.0 | 100.0 | 100.0 |  -nan | 100.0 |  52.3
       Dungeon | 100.0 | 100.0 | 100.0 |  -nan | 100.0 |  52.3
               +-------+-------+-------+-------+-------+----------------------
